 Dungeon Crawl Stone Soup version 0.27.1 (webtiles) character file.

Game seed: 14303999014172052430

655 ZARRMARR the Cleaver (level 7, -4/63 HPs)
             Began as a Hill Orc Monk on Aug 22, 2021.
             Was a Believer of Beogh.
             Slain by a scorpion (8 damage)
             ... on level 5 of the Dungeon.
             The game lasted 00:24:27 (5991 turns).

ZARRMARR the Cleaver (Hill Orc Monk)                Turns: 5991, Time: 00:24:31

Health: -4/63      AC:  5    Str: 16    XL:     7   Next: 54%
Magic:  7/7        EV: 11    Int: 10    God:    Beogh [**....]
Gold:   164        SH:  0    Dex: 13    Spells: 6/6 levels left

rFire    . . .     SeeInvis .   a - +0 hand axe
rCold    . . .     Faith    .   (no shield)
rNeg     . . .     Spirit   .   d - +0 ring mail
rPois    .         Reflect  .   (no helmet)
rElec    .         Harm     .   (no cloak)
rCorr    .         Rampage  .   (no gloves)
Will     .....                  (no boots)
Stlth    +.........             j - amulet of the acrobat
HPRegen  0.20/turn              (no ring)
MPRegen  0.10/turn              (no ring)

@: attractive
A: no striking features
a: Renounce Religion, Smiting


You were on level 5 of the Dungeon.
You worshipped Beogh.
Beogh was pleased with you.
You visited 1 branch of the dungeon, and saw 5 of its levels.

You collected 164 gold pieces.

Inventory:

Hand Weapons
 a - a +0 hand axe (weapon)
 m - a +0 war axe
Missiles
 c - 5 boomerangs (quivered)
 e - 223 stones
 k - 9 poisoned darts
 n - 3 curare-tipped darts
Armour
 d - a +0 ring mail (worn)
Jewellery
 j - an amulet of the acrobat (around neck)
 l - an amulet of magic regeneration
Wands
 i - a wand of flame (19)
Scrolls
 b - 3 scrolls of enchant weapon {unknown}
 g - a scroll of noise
 h - 2 scrolls of fear
 o - a scroll of fog {unknown}


   Skills:
 + Level 6.1 Fighting
 + Level 8.1 Axes
 + Level 4.2 Armour
 - Level 2.4 Dodging
 - Level 1.5 Stealth


You had 6 spell levels left.
You didn't know any spells.
Your spell library contained the following spells:

 Spells                   Type           Power      Damage    Failure   Level
 Blink                    Tloc           N/A        N/A       71%         2
 Lesser Beckoning         Tloc           0%         N/A       90%         3
 Stone Arrow              Conj/Erth      0%         3d7       90%         3
 Animate Armour           Summ/Erth      0%         N/A       100%        4
 Animate Dead             Necr           0%         N/A       100%        4
 Manifold Assault         Tloc           0%         N/A       100%        5
 Haunt                    Necr/Summ      0%         N/A       100%        7
 Infestation              Necr           0%         N/A       100%        8
 Lehudib's Crystal Spear  Conj/Erth      0%         10d2      100%        8


Dungeon Overview and Level Annotations

Branches:
Dungeon (5/15)
 Temple: D:4-7

Altars:
Vehumet
The Shining One

Shops:
D:2 *


Message History

The scorpion closely misses you.
You closely miss the scorpion.
The scorpion is moderately wounded.
You feel very sick. The scorpion closely misses you.
The scorpion stings you but does no damage.
You hit the scorpion but do no damage.
The scorpion is moderately wounded.
You feel very sick. The scorpion stings you.
* * * LOW HITPOINT WARNING * * *
It was a potion of attraction.
You feel attractive to monsters.
You feel very sick. The scorpion stings you.
* * * LOW HITPOINT WARNING * * *
As you read the scroll labelled SOADIU VOOFOA, it crumbles to dust.
You assume a fearsome visage.
The scorpion looks frightened!
It was a scroll of fear.
You feel sick. The scorpion is pulled toward you!
You feel sick. The scorpion is pulled toward you!
You feel sick. The scorpion is pulled toward you!
You closely miss the scorpion.
The scorpion is lightly wounded.
You feel sick. The scorpion is pulled toward you!
You closely miss the scorpion.
The scorpion is lightly wounded.
You feel sick. The scorpion is pulled toward you!
You barely miss the scorpion.
The scorpion is lightly wounded.
You feel sick. The scorpion is pulled toward you!
You closely miss the scorpion.
The scorpion is lightly wounded.
You feel sick. The scorpion is pulled toward you!
You hit the scorpion.
Your attack snaps the scorpion out of its fear.
The scorpion is moderately wounded.
You feel sick.
You are no longer poisoned.
The scorpion stings you!
You die...

#...
####...
.......
.......
.....
##...##
#.....#
#...s@#
#.....#
#......
#....##.
#.... .#
#:#.. #
#.#.. .
...


You could see a scorpion.

Vanquished Creatures
  A black bear (D:4)
  2 ogres (D:4)
  2 scorpions (D:4)
  A hound (D:4)
  Terence (D:3)
  A hound skeleton (D:4)
  4 gnolls (D:3)
  7 adders
  An ufetubus (D:4)
  A worm (D:2)
  2 dart slugs
  8 orcs
  11 endoplasms
  3 giant cockroaches
  10 hobgoblins
  4 jackals (D:1)
  9 kobolds
  4 quokkas
  4 ball pythons
  7 bats
  3 frilled lizards (D:3)
  5 goblins
  4 rats
95 creatures vanquished.

Vanquished Creatures (others)
  An orc priest (D:4)
  An orc (D:4)
  14 plants (D:1)
16 creatures vanquished.

Grand Total: 111 creatures vanquished

Notes
Turn   | Place    | Note
-------+----------+-------------------------------------------
     0 | D:1      | ZARRMARR the Hill Orc Monk began the quest for the Orb.
     0 | D:1      | Reached XP level 1. HP: 19/19 MP: 1/1
   145 | D:1      | Reached XP level 2. HP: 13/27 MP: 2/2
   883 | D:1      | Reached XP level 3. HP: 31/33 MP: 3/3
  1399 | D:2      | Reached skill level 5 in Axes
  1787 | D:2      | Reached XP level 4. HP: 37/41 MP: 4/4
  2285 | D:2      | Found Deczih's Assorted Antiques.
  2711 | D:3      | Reached skill level 1 in Armour
  2824 | D:3      | Noticed Terence
  2865 | D:4      | Reached skill level 6 in Axes
  2865 | D:4      | Reached XP level 5. HP: 34/47 MP: 5/5
  2875 | D:4      | Reached skill level 5 in Fighting
  2908 | D:4      | Noticed a black bear
  2912 | D:4      | Noticed an ogre
  2914 | D:4      | Became a worshipper of Beogh the Brigand
  2914 | D:4      | Reached * piety under Beogh
  2914 | D:4      | Reached ** piety under Beogh
  3144 | D:4      | Noticed an ogre
  3157 | D:4      | Killed an ogre
  3378 | D:4      | Reached XP level 6. HP: 36/56 MP: 6/6
  3550 | D:4      | Reached skill level 7 in Axes
  3757 | D:4      | Killed a black bear
  3962 | D:4      | Reached XP level 7. HP: 11/62 MP: 7/7
  5074 | D:4      | Found a radiant altar of Vehumet.
  5235 | D:3      | Reached skill level 8 in Axes
  5786 | D:3      | Found a glowing golden altar of the Shining One.
  5874 | D:3      | Killed Terence
  5969 | D:5      | Entered Level 5 of the Dungeon
  5991 | D:5      | Slain by a scorpion

Illustrated notes

Levels and vault maps discovered:
D:1:      ebering_hopf_link, layout_basic, serial_bayou, serial_bayou_lake_a,
          serial_bayou_pond_c, serial_bayou_lagoon_a, serial_bayou_crossing
D:2:      wad_pebble_path, layout_basic, serial_shops, nicolae_shop_crystal,
          minmay_misc_feat_pillars
D:3:      minmay_general_purpose_star, layout_rooms, tso_metal_star,
          uniq_terence
D:4:      layout_basic, vehumet_altar_wand_db
D:5:      layout_loops_cross, minmay_temple_entry_stoned_glass, serial_shops,
          kennysheep_little_box

Skill      XL: |  1  2  3  4  5  6  7 |
---------------+----------------------+-----
Fighting       | 4 5 6 |  6.1
Axes           | 5 6 7 8 |  8.1
Armour         | 1 2 3 4 |  4.2
Dodging        | |  2.4
Stealth        | |  1.5

Action                   |  1- 3 |  4- 6 |  7- 9 || total
-------------------------+-------+-------+-------++-------
Melee: Hand axe          |   112 |   137 |   109 ||   358
Throw: Stone             |    73 |    23 |       ||    96
       Boomerang         |       |    43 |    28 ||    71
       Dart              |       |       |     3 ||     3
Invok: Convert to Beogh  |       |     1 |       ||     1
  Use: Scroll            |     3 |     2 |     1 ||     6
       Potion            |       |     1 |     3 ||     4
Armor: Robe              |     5 |       |       ||     5
       Leather armour    |     6 |     2 |       ||     8
       Ring mail         |       |    36 |    28 ||    64
Dodge: Dodged            |    75 |    66 |    54 ||   195
